 Dungeon Crawl Stone Soup version 0.15.0-14-g6bbbb5c (webtiles) character file.

258097 Alg the Fencer (level 19, -5/134 HPs)
             Began as a High Elf Wizard on Sept 4, 2014.
             Was the Champion of Okawaru.
             Slain by a naga warrior
             ... wielding a +0 spear
              (24 damage)
             ... on Level 5 of the Snake Pit.
             The game lasted 05:51:33 (70646 turns).

Alg the Fencer (High Elf Wizard)                   Turns: 70646, Time: 05:51:34

HP  -5/134       AC 14     Str  6      XL: 19   Next: 49%
MP   0/40        EV 20     Int 32      God: Okawaru [******]
Gold 5063        SH  0     Dex 14      Spells: 11 memorised,  7 levels left

rFire  + . .     SeeInvis +     n - +8 claymore of Conscience {slice, +Inv}
rCold  + . .     Clarity  .     I - +2 robe {rF+}
rNeg   . . .     rCorr    .     (no shield)
rPois  +         rRot     .     j - +2 hat
rElec  +         Spirit   .     Q - +2 cloak {rPois}
SustAb .         Warding  .     y - +2 pair of gloves of Vexation {+Fly rElec}
rMut   .         Stasis   .     Y - +1 pair of boots
Gourm  .                        v - amulet of faith
MR     +++..                    b - ring of see invisible
                                X - ring of Khoegguem {rC+ MR++}

@: constricted, studying Fighting, deflect missiles, extremely resistant to
hostile enchantments, stealthy
A: forlorn
a: Heroism, Finesse, Renounce Religion, Evoke Invisibility, Evoke Flight
}: 1/15 runes: decaying


You were on level 5 of the Snake Pit.
You worshipped Okawaru.
Okawaru was exalted by your worship.
You were not hungry.

You visited 8 branches of the dungeon, and saw 42 of its levels.
You also visited: Sewer.

You collected 6273 gold pieces.
You spent 1210 gold pieces at shops.

Inventory:

Hand weapons
 n - the +8 claymore of Conscience (weapon) {slice, +Inv}
   (Okawaru gifted it to you on level 6 of the Lair of Beasts)

   It inflicts extra damage upon your enemies.
   It lets you turn invisible.
Armour
 j - a +2 hat (worn)
 y - the +2 pair of gloves of Vexation (worn) {+Fly rElec}
   (Okawaru gifted it to you on level 3 of the Snake Pit)

   It insulates you from electricity.
   It lets you fly.
 I - a +2 robe of fire resistance (worn)
 Q - a +2 cloak of poison resistance (worn)
 Y - a +1 pair of boots (worn)
Magical devices
 c - a wand of digging (12)
 e - a wand of teleportation (5)
 T - a wand of invisibility (1)
 U - a wand of fire (5)
Comestibles
 d - 17 bread rations
 l - 21 fruits
 E - a royal jelly
 K - 2 beef jerkies
 M - 6 meat rations
 R - a slice of pizza
 W - 3 chunks of naga flesh
Scrolls
 f - 4 scrolls of blinking
 h - 16 scrolls of identify
 k - 9 scrolls of enchant weapon
 m - 2 scrolls of holy word
 o - 13 scrolls of teleportation
 r - 2 scrolls of brand weapon
 s - 3 scrolls of fear
 u - 12 scrolls of remove curse
 C - 4 scrolls of enchant armour
 D - a scroll of magic mapping
 F - 3 scrolls of amnesia
 J - a scroll of recharging
 P - 2 scrolls of vulnerability
 V - 2 scrolls of fog
Jewellery
 a - an uncursed ring of protection from cold
 b - a ring of see invisible (right hand)
 v - an amulet of faith (around neck)
 z - an uncursed ring of fire
 A - an uncursed amulet of the gourmand
 X - the ring of Khoegguem (left hand) {rC+ MR++}
   (You took it off a deep elf priest on level 3 of the Elven Halls)

   [ring of protection from cold]

   It protects you from cold.
   It affects your resistance to hostile enchantments.
Potions
 g - a potion of cure mutation
 i - 4 potions of heal wounds
 p - 3 potions of brilliance
 t - 20 potions of curing
 w - a potion of magic
 x - 4 potions of might
 B - 2 potions of invisibility
 H - a potion of agility
 L - 2 potions of cancellation
 N - 2 potions of restore abilities
 O - 2 potions of resistance
 S - 2 potions of haste
Books
 q - a book of Power

   Spells                             Type                      Level
   Fulminant Prism                    Conjuration/Hexes            4
   Iskenderun's Mystic Blast          Conjuration                  4
   Venom Bolt                         Conjuration/Poison           5
   Bolt of Magma                      Conjuration/Fire/Earth       5
   Iron Shot                          Conjuration/Earth            6
   Orb of Destruction                 Conjuration                  7
 G - a manual of Fighting


   Skills:
 * Level 13.3 Fighting
   Level 9.0(15.7) Short Blades
 * Level 20.1(20.6) Long Blades
 + Level 12.6 Dodging
 - Level 8.4 Stealth
 * Level 13.1 Spellcasting
 * Level 14.1 Conjurations
 - Level 12.5 Charms
   Level 0.8 Summonings
 - Level 2.0 Necromancy
 - Level 3.0 Translocations
   Level 3.7 Fire Magic
 + Level 9.9 Ice Magic
 + Level 7.2 Air Magic
 - Level 3.3 Poison Magic
 - Level 8.0 Invocations


You had 7 spell levels left.
You knew the following spells:

 Your Spells              Type           Power        Failure   Level  Hunger
a - Magic Dart            Conj           ####         0%          1    None
b - Blink                 Tloc           N/A          1%          2    None
c - Flight                Chrm/Air       ######....   1%          3    None
d - Mephitic Cloud        Conj/Pois/Air  ######..     1%          3    None
f - Condensation Shield   Ice            ######....   1%          4    None
g - Throw Icicle          Conj/Ice       #######.     1%          4    None
h - Ozocubu's Armour      Chrm/Ice       #######.     1%          3    None
i - Regeneration          Chrm/Necr      ######....   1%          3    None
j - Haste                 Chrm           #######.     1%          6    ####...
k - Deflect Missiles      Chrm/Air       ######....   8%          6    ####...
l - Swiftness             Chrm/Air       ######..     1%          2    None


Dungeon Overview and Level Annotations

Branches:
Dungeon (15/15)            Temple (1/1) D:6             Orc (4/4) D:12
    Elf (3/3) Orc:4          Lair (8/8) D:9           Swamp (5/5) Lair:4
  Snake (5/5) Lair:6        Slime (0/6) Lair:8       Vaults (0/5) D:13
 Depths (1/5) D:15

Altars:
Ashenzari
Cheibriados
Dithmenos
Elyvilon
Fedhas
Kikubaaqudgha
Makhleb
Nemelex Xobeh
Okawaru
Qazlal
Sif Muna
Trog
Vehumet
Xom
Yredelemnul
Zin
The Shining One
Beogh

Shops:
D:4 ?   D:14 *   Orc:2 (   Orc:3 *   Orc:4 [(}(*   Elf:3 [   Snake:3 !

Annotations:
Lair:3 exclusion: oklob plant
Lair:6 exclusion: oklob plant
Swamp:5 Lernaean hydra


Innate Abilities, Weirdness & Mutations

You have difficulty communicating with the divine.


Message History

Aiming: Throw Icicle
Press: ? - help, Shift-Dir - straight line, f/p - naga warrior
Aim: a naga warrior, wielding a spear and wearing a shield (severely wounded, constricting you)
The shard of ice hits the naga warrior.
The naga warrior is severely wounded.
The naga warrior barely misses you. The naga warrior constricts you.
Casting: Throw Icicle
Confirm with . or Enter, or press ? or * to list all spells.
Aiming: Throw Icicle
Press: ? - help, Shift-Dir - straight line, f/p - naga warrior
Aim: a naga warrior, wielding a spear and wearing a shield (severely wounded, constricting you)
The naga warrior blocks the shard of ice.
The naga warrior hits you with a spear!!
* * * LOW HITPOINT WARNING * * *
x2 The naga warrior constricts you.
Unknown command.
You slice the naga warrior!!
The naga warrior is almost dead.
The naga warrior hits you with a spear!!
You die...

#
#..........#####......######
###.......#### #.)....#
##.......## #......#
##....#..# #..)..)#
##......)## #.)))..#
###.......#### #.).)).#
#..........#####.())..######
##........)........).).....##
###.........N@...#..........
####............).........
#####......).)........
######......#####. # #......#
# #......# # #......#
#......# #......#


You could see a naga warrior.

Vanquished Creatures
  Saint Roka (Orc:4)
  Norris (Elf:3)
  Vashnia (Snake:2)
  A deep elf blademaster (Elf:3)
  Rupert (Elf:2)
  Agnes (Snake:4)
  Kirke (Elf:2)
  7 greater nagas
  Roxanne (Snake:4)
  A frost giant (Orc:4)
  Donald (Snake:1)
  Maud (Snake:1)
  Aizul (Snake:1)
  An orc warlord (Orc:4)
  9 deep elf sorcerers (Elf:3)
  Gastronok (Orc:3)
  7 deep elf demonologists
  A very ugly thing (Swamp:2)
  5 deep elf annihilators (Elf:3)
  2 ettins
  Snorg (Elf:3)
  3 deep elf death magi (Elf:3)
  Josephine (D:14)
  A fire dragon (D:13)
  13 hydras
  2 deep elf high priests (Elf:3)
  Harold (D:12)
  8 naga warriors
  10 anacondas
  A shambling mangrove (Swamp:4)
  Nessos (D:13)
  Erica (D:12)
  2 centaur warriors
  2 dancing weapons (D:13)
  7 alligators
  An ogre mage (Orc:4)
  9 shock serpents
  19 naga sharpshooters
  Urug (D:12)
  An orc high priest (Orc:4)
  21 death yaks
  9 deep elf knights
  2 fire crabs
  4 salamander mystics
  A spriggan druid (Swamp:5)
  A swamp dragon (shapeshifter) (D:15)
  An unseen horror (D:15)
  7 naga ritualists
  7 swamp dragons
  Erolcha (D:11)
  10 deep elf summoners
  A red wasp (Swamp:3)
  A wolf spider zombie (D:14)
  20 hill giants
  7 cyclopes
  17 deep elf conjurers
  14 salamanders
  A wizard (D:14)
  A wolf spider (D:11)
  5 orc sorcerers
  4 griffons
  9 mana vipers
  2 orc knights (Orc:4)
  18 ugly things
  A draconian (shapeshifter) (Elf:1)
  2 manticores
  2 small abominations
  42 black mambas
  An elephant (shapeshifter) (D:15)
  10 elephants
  4 guardian serpents
  19 naga magi
  An item mimic (Orc:2)
  2 gargoyles
  2 iron devils
  An orange demon (Swamp:4)
  2 torpor snails
  Psyche (D:10)
  33 spiny frogs
  10 komodo dragons
  3 fire drakes
  An efreet (D:14)
  6 trolls
  A red devil (Swamp:4)
  A blue devil (Orc:4)
  A jumping spider (Elf:3)
  A hydra zombie (D:14)
  A tengu conjurer (D:15)
  2 polar bears
  10 deep elf priests
  5 two-headed ogres
  Prince Ribbit (D:9)
  2 ravens (Swamp:2)
  A raiju (shapeshifter) (D:15)
  12 giant leeches
  6 bog bodies
  19 blink frogs
  14 slime creatures
  A griffon skeleton (D:14)
  A water elemental (D:14)
  A trapdoor spider (D:14)
  A spriggan (D:8)
  A basilisk (D:15)
  A hill giant zombie (D:14)
  3 shadows
  12 vampire mosquitoes
  22 deep elf magi
  39 yaks
  Grum (Orc:1)
  A wyvern (D:14)
  21 deep elf fighters
  3 hill giant skeletons
  3 hogs
  A hungry ghost (D:13)
  33 wolves
  7 hippogriffs
  5 wargs
  A mottled dragon (D:15)
  Menkaure (D:4)
  28 swamp worms
  9 porcupines
  36 water moccasins
  4 ice beasts
  48 nagas
  2 black bears
  A yellow wasp (D:15)
  5 sky beasts
  2 phantoms
  A manticore zombie (D:14)
  A necrophage (D:11)
  32 orc warriors
  17 swamp drakes
  3 boggarts (D:15)
  18 centaurs
  13 ogres
  29 crocodiles
  A hill giant simulacrum (D:14)
  Sigmund (D:4)
  Duvessa (D:5)
  41 giant frogs
  A brain worm (D:13)
  Blork the orc (D:4)
  A yaktaur skeleton (D:14)
  23 insubstantial wisps
  2 big kobolds (Sewer)
  12 wights
  An eye of draining (D:13)
  4 scorpions
  A troll zombie (D:8)
  2 hippogriff zombies
  5 killer bees
  8 electric eels
  8 crimson imps
  A giant frog zombie (D:5)
  A quasit (D:8)
  Dowan (D:5)
  A goliath beetle (D:6)
  6 jellies
  13 hounds
  32 orc priests
  A giant frog skeleton (D:13)
  28 orc wizards
  9 iguanas
  7 worker ants
  3 orange rats
  16 sheep
  A troll simulacrum (D:14)
  Jessica (D:2)
  A mottled dragon skeleton (D:15)
  2 mummies (D:9)
  6 gnolls
  66 green rats
  27 adders
  2 orc zombies
  6 shadow imps
  2 giant mites (D:5)
  An orc skeleton (D:9)
  10 worms
  7 giant geckos
  2 oozes
  264 orcs
  21 bats
  2 giant cockroaches
  25 goblins
  20 hobgoblins
  3 jackals (D:9)
  17 kobolds
  19 quokkas
  3 ball pythons
  A giant cockroach zombie (D:5)
  7 giant newts
  A giant spore (D:11)
  A hobgoblin skeleton (D:8)
  28 rats
  3 crawling corpses
  4 fungi
  A plant (Lair:8)
1708 creatures vanquished.

Vanquished Creatures (collateral kills)
  A water moccasin (Lair:3)
  A giant frog (Lair:8)
2 creatures vanquished.

Vanquished Creatures (others)
  A swamp worm (Swamp:1)
  An iron imp (Lair:3)
  An orc wizard (Orc:4)
  An orange rat (Elf:3)
  A shapeshifter simulacrum (D:14)
  28 fungi
  23 plants
56 creatures vanquished.

Grand Total: 1766 creatures vanquished

Notes
Turn   | Place    | Note
--------------------------------------------------------------
     0 | D:1      | Alg, the High Elf Wizard, began the quest for the Orb.
     0 | D:1      | Reached XP level 1. HP: 11/11 MP: 5/5
   409 | D:1      | Reached XP level 2. HP: 17/17 MP: 2/7
   499 | D:1      | Reached skill level 1 in Short Blades
   715 | D:1      | Learned a level 2 spell: Blink
   718 | D:1      | Learned a level 2 spell: Repel Missiles
  1248 | D:2      | Noticed Jessica
  1258 | D:2      | Killed Jessica
  1258 | D:2      | Reached XP level 3. HP: 17/22 MP: 0/10
  1404 | D:2      | Learned a level 3 spell: Mephitic Cloud
  1797 | D:2      | Found a radiant altar of Vehumet.
  1799 | D:2      | Found a shadowy altar of Dithmenos.
  2194 | D:3      | Reached skill level 1 in Fighting
  2211 | D:3      | Reached XP level 4. HP: 28/28 MP: 7/13
  2391 | D:3      | Found a deep blue altar of Sif Muna.
  2585 | D:3      | Found a white marble altar of Elyvilon.
  2741 | D:3      | Reached skill level 1 in Air Magic
  2972 | D:4      | Reached skill level 4 in Spellcasting
  2972 | D:4      | Reached XP level 5. HP: 33/33 MP: 8/16
  3190 | D:4      | Found Gresargh's Magic Scroll Emporium.
  3193 | D:4      | Bought a scroll of teleportation for 33 gold pieces
  3354 | D:4      | Reached XP level 6. HP: 36/38 MP: 9/18
  3501 | D:4      | Learned a level 3 spell: Conjure Flame
  3765 | D:4      | Reached skill level 1 in Poison Magic
  3858 | D:4      | Noticed Blork the orc
  3879 | D:4      | Killed Blork the orc
  3879 | D:4      | Reached XP level 7. HP: 41/45 MP: 15/20
  3999 | D:4      | Noticed Sigmund
  4023 | D:4      | Killed Sigmund
  4289 | D:4      | Noticed Menkaure
  4297 | D:4      | Killed Menkaure
  4506 | D:5      | Entered Level 5 of the Dungeon
  4509 | D:5      | Reached skill level 5 in Short Blades
  4643 | D:5      | Reached skill level 1 in Fire Magic
  4643 | D:5      | Reached XP level 8. HP: 51/51 MP: 21/21
  4857 | D:5      | Found a glowing drain.
  4861 | Sewer    | Entered a sewer
  4907 | Sewer    | Learned a level 2 spell: Call Imp
  5017 | Sewer    | Reached skill level 5 in Conjurations
  5370 | D:5      | Noticed Duvessa
  5382 | D:5      | Noticed Dowan
  5401 | D:5      | Killed Dowan
  5401 | D:5      | Reached skill level 6 in Short Blades
  5531 | D:5      | Killed Duvessa
  6015 | D:6      | Reached skill level 5 in Spellcasting
  6415 | D:6      | Found a staircase to the Ecumenical Temple.
  6451 | Temple   | Entered the Ecumenical Temple
  6554 | Temple   | Became a worshipper of Warmaster Okawaru
  7252 | D:6      | Reached XP level 9. HP: 52/57 MP: 22/24
  7428 | D:6      | Reached skill level 5 in Stealth
  8784 | D:8      | Found a radiant altar of Vehumet.
  9301 | D:8      | Reached skill level 7 in Short Blades
  9305 | D:8      | Acquired Okawaru's first power
  9305 | D:8      | Reached skill level 5 in Dodging
  9715 | D:9      | Noticed Prince Ribbit
  9720 | D:9      | Killed Prince Ribbit
  9802 | D:9      | Reached XP level 10. HP: 63/65 MP: 24/26
 10388 | D:9      | Reached skill level 8 in Short Blades
 10388 | D:9      | Reached skill level 5 in Air Magic
 11156 | D:9      | Reached skill level 1 in Long Blades
 11422 | D:9      | Found a staircase to the Lair.
 11441 | Lair:1   | Entered Level 1 of the Lair of Beasts
 11770 | Lair:1   | Received a gift from Okawaru
 11810 | Lair:1   | Learned a level 4 spell: Throw Icicle
 11814 | Lair:1   | Learned a level 3 spell: Ozocubu's Armour
 11839 | Lair:1   | Got a steaming robe
 11841 | Lair:1   | Identified the +0 robe "Sairog" {rC+} (You found it on level 1 of the Lair of Beasts)
 12219 | Lair:1   | Reached skill level 5 in Fighting
 12219 | Lair:1   | Reached skill level 1 in Ice Magic
 12655 | Lair:2   | Reached skill level 9 in Short Blades
 13475 | Lair:3   | Reached XP level 11. HP: 71/71 MP: 28/28
 13674 | Lair:2   | Acquired Okawaru's second power
 13750 | Lair:3   | Received a gift from Okawaru
 14357 | Lair:3   | Noticed an oklob plant
 14402 | Lair:3   | Reached skill level 1 in Invocations
 14678 | Lair:3   | Noticed a five-headed hydra
 14840 | Lair:3   | Killed a seven-headed hydra
 15411 | Lair:4   | Received a gift from Okawaru
 15848 | Lair:4   | Reached skill level 1 in Charms
 16535 | Lair:4   | Received a gift from Okawaru
 16908 | Lair:4   | Reached skill level 5 in Long Blades
 17322 | Lair:4   | Found a staircase to the Swamp.
 18010 | Lair:5   | Reached XP level 12. HP: 64/79 MP: 30/30
 18102 | Lair:5   | Received a gift from Okawaru
 18508 | Lair:5   | Noticed a death yak
 18508 | Lair:5   | Noticed a death yak
 18509 | Lair:5   | Noticed a death yak
 18515 | Lair:5   | Killed a death yak
 18517 | Lair:5   | Noticed a death yak
 18521 | Lair:5   | Killed a death yak
 18529 | Lair:5   | Killed a death yak
 18566 | Lair:5   | Killed a death yak
 18714 | Lair:5   | Reached skill level 10 in Conjurations
 19180 | Lair:5   | Reached skill level 5 in Ice Magic
 20167 | Lair:6   | Received a gift from Okawaru
 21338 | Lair:6   | Received a gift from Okawaru
 21339 | Lair:6   | Got a polished claymore {god gift}
 21340 | Lair:6   | Identified the +8 claymore of Conscience {slice, +Inv} (Okawaru gifted it to you on level 6 of the Lair of Beasts)
 21563 | Lair:6   | Reached XP level 13. HP: 78/85 MP: 19/32
 22361 | Lair:6   | Found a staircase to the Snake Pit.
 22838 | Lair:6   | Received a gift from Okawaru
 23439 | Lair:7   | Reached skill level 5 in Charms
 24040 | Lair:7   | Learned a level 3 spell: Regeneration
 24065 | Lair:7   | Reached skill level 5 in Invocations
 25026 | Lair:8   | Entered Level 8 of the Lair of Beasts
 25083 | Lair:8   | Received a gift from Okawaru
 25952 | Lair:8   | Received a gift from Okawaru
 25971 | Lair:8   | Reached skill level 10 in Long Blades
 26686 | Lair:8   | Reached XP level 14. HP: 87/93 MP: 23/33
 26982 | Lair:8   | Reached skill level 11 in Long Blades
 27553 | Lair:8   | Reached skill level 12 in Long Blades
 27958 | Lair:8   | Received a gift from Okawaru
 28019 | Lair:8   | Reached skill level 13 in Long Blades
 28037 | Lair:8   | Received a gift from Okawaru
 28981 | Lair:7   | Reached skill level 14 in Long Blades
 29480 | Lair:8   | Found a staircase to the Slime Pits.
 30449 | Lair:2   | Learned a level 4 spell: Condensation Shield
 30617 | D:9      | Noticed a hill giant
 30631 | D:9      | Killed a hill giant
 30740 | D:10     | Entered Level 10 of the Dungeon
 30753 | D:10     | Noticed Psyche
 30763 | D:10     | Killed Psyche
 31666 | D:11     | Received a gift from Okawaru
 31667 | D:11     | Got a distressingly furry buckler {god gift}
 31675 | D:11     | Identified the -4 buckler of Grace {+Rage +Fly rF+ SInv} (Okawaru gifted it to you on level 11 of the Dungeon)
 31750 | D:11     | Reached skill level 15 in Long Blades
 32656 | D:11     | Noticed Erolcha
 32659 | D:11     | Killed Erolcha
 33150 | D:12     | Found a staircase to the Orcish Mines.
 33779 | D:12     | Noticed Erica
 33793 | D:12     | Killed Erica
 33878 | D:12     | Noticed Harold
 33886 | D:12     | Killed Harold
 34023 | D:12     | Noticed Urug
 34033 | D:12     | Killed Urug
 34202 | Orc:1    | Entered Level 1 of the Orcish Mines
 34443 | Orc:1    | Found a roughly hewn altar of Beogh.
 34608 | Orc:1    | Noticed Grum
 34620 | Orc:1    | Killed Grum
 34620 | Orc:1    | Reached XP level 15. HP: 99/99 MP: 32/34
 35314 | Orc:2    | Found Ucieckif's Antique Weapon Emporium.
 35551 | Orc:2    | Reached skill level 16 in Long Blades
 35737 | Orc:3    | Found Azatac's General Store.
 35844 | Orc:3    | Noticed Gastronok
 35971 | Orc:3    | Killed Gastronok
 35971 | Orc:3    | Received a gift from Okawaru
 35971 | Orc:3    | Reached skill level 1 in Necromancy
 36137 | Orc:3    | Found a bloodstained altar of Trog.
 36619 | Orc:4    | Entered Level 4 of the Orcish Mines
 36781 | Orc:4    | Found Diniliri's Assorted Antiques.
 36788 | Orc:4    | Bought an ivory ring for 175 gold pieces
 36826 | Orc:4    | Found a roughly hewn altar of Beogh.
 36952 | Orc:4    | Found a roughly hewn altar of Beogh.
 36975 | Orc:4    | Found a roughly hewn altar of Beogh.
 36975 | Orc:4    | Found Iral's Weapon Shop.
 37088 | Orc:4    | Found a roughly hewn altar of Beogh.
 37217 | Orc:4    | Found a roughly hewn altar of Beogh.
 37217 | Orc:4    | Found Seoleev's Gadget Shoppe.
 37283 | Orc:4    | Noticed Saint Roka
 37506 | Orc:4    | Found a roughly hewn altar of Beogh.
 37541 | Orc:4    | Found a roughly hewn altar of Beogh.
 37556 | Orc:4    | Found a staircase to the Elven Halls.
 39433 | Orc:4    | Received a gift from Okawaru
 39774 | Orc:4    | Found a roughly hewn altar of Beogh.
 40455 | D:13     | Found a gate to the Vaults.
 40796 | D:13     | Noticed Nessos
 40831 | D:13     | Killed Nessos
 41189 | D:13     | Identified a scroll of acquirement
 41448 | D:13     | Received a gift from Okawaru
 41832 | D:14     | Noticed Josephine
 42114 | D:14     | Reached skill level 10 in Spellcasting
 42154 | D:14     | Found Cedamim's Demolitions Depot.
 42472 | D:14     | Killed Josephine
 43690 | D:14     | Reached skill level 17 in Long Blades
 43853 | D:14     | Reached skill level 10 in Dodging
 43921 | D:14     | Reached XP level 16. HP: 97/107 MP: 31/35
 44361 | D:15     | Entered Level 15 of the Dungeon
 44739 | D:15     | Found a white marble altar of Elyvilon.
 45332 | D:15     | Received a gift from Okawaru
 45491 | D:15     | Found a staircase to the Depths.
 45836 | Depths:1 | Entered Level 1 of the Depths
 46230 | Snake:1  | Entered Level 1 of the Snake Pit
 47197 | Snake:1  | Noticed Donald
 47212 | Snake:1  | Killed Donald
 47345 | Snake:1  | Noticed Maud
 47363 | Snake:1  | Killed Maud
 47673 | Snake:1  | Noticed Aizul
 47959 | Snake:1  | Killed Aizul
 49086 | Snake:2  | Received a gift from Okawaru
 49902 | Snake:2  | Noticed Vashnia
 50009 | Snake:2  | Received a gift from Okawaru
 50010 | Snake:2  | Got a pair of heavily runed boots {god gift}
 50024 | Snake:2  | Identified the -5 pair of boots of Parts Unknown {MR+ Str+4 SInv} (Okawaru gifted it to you on level 2 of the Snake Pit)
 50743 | Orc:4    | Bought a scroll of blinking for 262 gold pieces
 50743 | Orc:4    | Bought a scroll of blinking for 262 gold pieces
 50831 | Orc:4    | Killed Saint Roka
 50902 | Orc:4    | Found a roughly hewn altar of Beogh.
 50956 | Orc:4    | Found Naibarys' Antique Weapon Boutique.
 50961 | Orc:4    | Found Yrorghar's Antique Armour Shop.
 50967 | Orc:4    | Bought a pair of embroidered gloves for 148 gold pieces
 51272 | Elf:1    | Entered Level 1 of the Elven Halls
 51933 | Elf:1    | Reached skill level 18 in Long Blades
 52088 | Elf:1    | Reached XP level 17. HP: 114/114 MP: 18/36
 52405 | Elf:2    | Noticed Rupert
 52684 | Elf:2    | Killed Rupert
 53081 | Elf:2    | Noticed Kirke
 53703 | Elf:2    | Killed Kirke
 53703 | Elf:2    | Received a gift from Okawaru
 54143 | Elf:3    | Entered Level 3 of the Elven Halls
 54697 | Elf:3    | Reached skill level 10 in Fighting
 54834 | Elf:3    | Received a gift from Okawaru
 55588 | Elf:3    | Found Cuethrun's Armour Shop.
 55599 | Elf:3    | Received a gift from Okawaru
 55601 | Elf:3    | Noticed Norris
 55917 | Elf:3    | Bought a +2 pair of gloves for 330 gold pieces
 55956 | Elf:3    | Reached skill level 10 in Charms
 56291 | Elf:3    | Noticed an Ice Fiend
 56436 | Elf:3    | Learned a level 6 spell: Haste
 56443 | Elf:3    | Learned a level 6 spell: Deflect Missiles
 56508 | Elf:3    | Paralysed by Norris for 7 turns
 56518 | Elf:3    | Killed Norris
 56521 | Elf:3    | Received a gift from Okawaru
 56771 | Elf:3    | Got a twitching silver ring
 56776 | Elf:3    | Identified the ring of Khoegguem {rC+ MR++} (You took it off a deep elf priest on level 3 of the Elven Halls)
 57031 | Elf:3    | Received a gift from Okawaru
 57221 | Elf:3    | Reached skill level 19 in Long Blades
 57556 | Elf:3    | Gained mutation: You have difficulty communicating with the divine. [mutagenic glow]
 57783 | Elf:3    | Noticed Snorg
 57814 | Elf:3    | Killed Snorg
 57814 | Elf:3    | Reached XP level 18. HP: 90/122 MP: 7/38
 57987 | Elf:3    | Identified the Volume of Gliding Good Luck
 57992 | Elf:3    | Learned a level 3 spell: Flight
 58086 | Elf:3    | Identified the Handbook of Unstable Talismans
 58160 | Elf:3    | Identified Idoegaerph's Handbook of the Boosting Glacier
 58164 | Elf:3    | Learned a level 2 spell: Swiftness
 58687 | Swamp:1  | Entered Level 1 of the Swamp
 63339 | Swamp:5  | Entered Level 5 of the Swamp
 63656 | Swamp:5  | Noticed the 27-headed Lernaean hydra
 64624 | Swamp:5  | Got a decaying rune of Zot
 65188 | Snake:2  | Killed Vashnia
 65515 | Snake:3  | Found Mnyvvumeu's Distillery.
 65885 | Snake:3  | Received a gift from Okawaru
 65900 | Snake:3  | Got a pair of slimy gloves {god gift}
 65982 | Snake:3  | Identified the +2 pair of gloves of Vexation {+Fly rElec} (Okawaru gifted it to you on level 3 of the Snake Pit)
 66755 | Snake:3  | Found a deep blue altar of Sif Muna.
 67391 | Snake:4  | Found a radiant altar of Vehumet.
 67616 | Snake:4  | Noticed Roxanne
 67624 | Snake:4  | Noticed Agnes
 67640 | Snake:4  | Killed Agnes
 67640 | Snake:4  | Reached XP level 19. HP: 96/132 MP: 13/39
 67925 | Snake:4  | Killed Roxanne
 67927 | Snake:4  | Identified Roxanne's Grimoire of Stones (You took it off Roxanne on level 4 of the Snake Pit)
 68383 | Snake:5  | Entered Level 5 of the Snake Pit
 69201 | Snake:5  | Reached skill level 20 in Long Blades
 69801 | Snake:5  | Received a gift from Okawaru
 70646 | Snake:5  | Slain by a naga warrior

Action                   |  1- 3 |  4- 6 |  7- 9 | 10-12 | 13-15 | 16-18 | 19-21 || total
-------------------------+-------+-------+-------+-------+-------+-------+-------++-------
Melee: Dagger            |    36 |    91 |   373 |   254 |       |       |       ||   754
       Cutlass           |       |     1 |       |       |       |       |       ||     1
       Short sword       |       |       |       |   455 |   288 |       |       ||   743
       Scimitar          |       |       |       |    49 |       |       |       ||    49
       Long sword        |       |       |       |     8 |       |       |       ||     8
       Claymore          |       |       |       |     7 |  1083 |  1246 |   239 ||  2575
       Unarmed           |       |       |       |       |       |    12 |       ||    12
 Cast: Magic Dart        |    76 |    98 |   126 |   408 |    71 |     4 |     6 ||   789
       Repel Missiles    |     1 |     1 |     1 |     2 |     5 |     8 |       ||    18
       Blink             |     1 |       |     2 |    32 |    36 |    23 |       ||    94
       Mephitic Cloud    |       |    13 |    42 |   123 |   159 |   107 |       ||   444
       Conjure Flame     |       |       |    11 |    42 |    46 |    17 |       ||   116
       Ozocubu's Armour  |       |       |       |     9 |    69 |    85 |    17 ||   180
       Throw Icicle      |       |       |       |    94 |   289 |   389 |    94 ||   866
       Call Imp          |       |       |       |     3 |     2 |       |       ||     5
       Regeneration      |       |       |       |       |    29 |    54 |    12 ||    95
       Condensation Shie |       |       |       |       |     9 |    21 |     2 ||    32
       Haste             |       |       |       |       |       |    15 |     6 ||    21
       Deflect Missiles  |       |       |       |       |       |     6 |     3 ||     9
       Flight            |       |       |       |       |       |    60 |       ||    60
Invok: Heroism           |       |       |       |       |     5 |    11 |     2 ||    18
       Finesse           |       |       |       |       |     1 |     1 |       ||     2
 Abil: Evoke Invisibilit |       |       |       |       |       |     1 |       ||     1
Evoke: Wand              |     1 |       |     5 |     6 |     3 |     8 |       ||    23
  Use: Scroll            |       |       |    10 |     8 |    17 |    16 |     1 ||    52
       Potion            |       |       |       |    10 |     5 |     6 |       ||    21
 Stab: Sleeping          |     2 |       |    12 |    13 |    51 |    22 |     3 ||   103
       Confused          |       |     7 |    23 |    74 |    74 |    43 |       ||   221
       Distracted        |       |       |     1 |       |     4 |     8 |     1 ||    14
       Invisible         |       |       |       |     1 |       |     1 |       ||     2
  Eat: Chunk             |     3 |     7 |    13 |    26 |    37 |    60 |    14 ||   160
       Meat ration       |       |       |     1 |     1 |     6 |     1 |       ||     9
       Fruit             |       |       |     1 |     3 |       |     7 |       ||    11
       Beef jerky        |       |       |     1 |     2 |     1 |     3 |       ||     7
       Pizza             |       |       |       |     1 |       |     2 |       ||     3
       Bread ration      |       |       |       |     1 |       |     2 |       ||     3
       Royal jelly       |       |       |       |       |     1 |       |       ||     1
